 Dungeon Crawl Stone Soup version 0.17-a0-1515-gfae3d72 (webtiles) character file.

13 Redz the Caller (level 2, 0/16 HPs)
             Began as a Kobold Summoner on July 12, 2015.
             Slain by a giant cockroach (1 damage)
             ... on level 1 of the Dungeon.
             The game lasted 00:01:14 (418 turns).

Redz the Caller (Kobold Summoner)                    Turns: 418, Time: 00:01:14

Health: 0/16       AC:  2    Str:  6    XL:     2   Next: 50%
Magic:  5/5        EV: 15    Int: 13    God:
Gold:   12         SH:  0    Dex: 16    Spells: 1 memorised, 4 levels left

rFire  . . .     SeeInvis .     e - +0 dagger
rCold  . . .     Clarity  .     a - +0 robe
rNeg   . . .     SustAt   .     (shield restricted)
rPois  .         Gourm    .     (no helmet)
rElec  .         Spirit   .     (no cloak)
rCorr  .         Warding  .     (no gloves)
rMut   .         Stasis   .     (no boots)
MR     .....                    (no amulet)
Stlth  ++........               (no ring)
                                (no ring)

@: not resistant to hostile enchantments, unstealthy
A: carnivore 3
a: no special abilities


You were on level 1 of the Dungeon.
You were full.

You visited 1 branch of the dungeon, and saw 1 of its levels.

You collected 12 gold pieces.

Inventory:

Hand weapons
 e - a +0 dagger (weapon)
Armour
 a - a +0 robe (worn)
Jewellery
 i - an uncursed amulet of regeneration {unknown}
Scrolls
 d - a scroll of random uselessness {unknown}
 g - a scroll of enchant weapon {unknown}
Potions
 h - a potion of haste {unknown}
 j - a potion of brilliance {unknown}
Books
 b - a book of Callings

   Spells                             Type                      Level
   a - Summon Small Mammal            Summoning                    1
   b - Call Imp                       Summoning                    2
   c - Call Canine Familiar           Summoning                    3
   d - Summon Guardian Golem          Hexes/Summoning              3
   e - Summon Lightning Spire         Summoning/Air                4
   f - Summon Ice Beast               Ice/Summoning                4
Comestibles
 c - a meat ration
 f - a beef jerky


   Skills:
 * Level 1.3 Fighting
 + Level 2.7 Dodging
 + Level 2.8 Stealth
 + Level 2.0 Spellcasting
 + Level 4.1 Summonings


You had 4 spell levels left.
You knew the following spells:

 Your Spells              Type           Power        Failure   Level  Hunger
a - Summon Small Mammal   Summ           ##..         6%          1    ##.....


Dungeon Overview and Level Annotations

Branches:
Dungeon (1/15)

Altars:


Innate Abilities, Weirdness & Mutations

You are small and have problems with some larger weapons.
You are carnivorous and can eat meat at any time.


Message History

The hobgoblin hits your quokka but does no damage.
You barely miss the hobgoblin.
The hobgoblin is almost dead.
The giant cockroach misses you.
Your quokka closely misses the hobgoblin.
The giant cockroach misses you.
You hit the giant cockroach but do no damage.
Your quokka barely misses the hobgoblin.
The hobgoblin misses you. The giant cockroach barely misses you.
Your quokka barely misses the hobgoblin.
You hit the hobgoblin but do no damage.
The hobgoblin is almost dead.
The hobgoblin hits you with a club.
* * * LOW HITPOINT WARNING * * *
The giant cockroach closely misses you.
Your quokka bites the hobgoblin.
The hobgoblin dies!
You barely miss the giant cockroach. The giant cockroach misses you.
Your quokka bites the giant cockroach but does no damage.
The giant cockroach bites you.
You die...

#.#####.............
#.#
#.##.##.).###.##.
#.# #(...).(........
#.# #..#.##..####.##
#.# #..#.##..# #...#
#. #..#.##..##..+
...(........#
..........$?##
###..#..#.@.##
#..#...s.## ##..r##
#.#)# ...#.'⌠
#.##.#.#.# # #.#.###
#.#.# #.#.#


You could see a giant cockroach and a friendly quokka.

Vanquished Creatures
  2 goblins (D:1)
  2 hobgoblins (D:1)
  3 bats (D:1)
  2 kobolds (D:1)
  2 rats (D:1)
11 creatures vanquished.

Vanquished Creatures (collateral kills)
  A hobgoblin (D:1)
  A kobold (D:1)
2 creatures vanquished.

Grand Total: 13 creatures vanquished

Notes
Turn   | Place    | Note
--------------------------------------------------------------
     0 | D:1      | Redz the Kobold Summoner began the quest for the Orb.
     0 | D:1      | Reached XP level 1. HP: 10/10 MP: 3/3
   187 | D:1      | Reached XP level 2. HP: 14/16 MP: 3/5
   229 | D:1      | Reached skill level 1 in Fighting
   418 | D:1      | Slain by a giant cockroach

Vault maps used:
D:1:      dpeg_cavernosity, grunt_decor_arrowhead

Action                   || total
-------------------------++-------
Melee: Dagger            ||    52
       Unarmed           ||     4
 Cast: Summon Small Mamm ||     4
 Stab: Sleeping          ||     2
  Eat: Chunk             ||     3
